 Dungeon Crawl Stone Soup version 0.17-a0-1554-g3b847ca (webtiles) character file.

4391 mrath the Geomancer (level 10, -1/58 HPs)
             Began as a Gargoyle Earth Elementalist on July 19, 2015.
             Was a Believer of Vehumet.
             Slain by a yak (5 damage)
             ... on level 9 of the Dungeon.
             The game lasted 02:44:29 (15112 turns).

mrath the Geomancer (Gargoyle Earth Elementalist)  Turns: 15112, Time: 02:44:29

Health: -1/58      AC: 14    Str: 12    XL:     10   Next: 35%
Magic:  1/22       EV: 13    Int: 19    God:    Vehumet [**....]
Gold:   359        SH:  0    Dex: 10    Spells: 5 memorised, 12 levels left

rFire  . . .     SeeInvis .     O - +2 short sword (flame)
rCold  . . .     Clarity  .     b - +0 robe
rNeg   + . .     SustAt   .     (no shield)
rPois  ∞         Gourm    .     S - +0 helmet
rElec  +         Spirit   .     o - +0 cloak
rCorr  +         Warding  .     (no gloves)
rMut   .         Stasis   .     (no boots)
MR     .....                    q - amulet of resist corrosion
Stlth  +++.......               (no ring)
                                L - ring of stealth

@: stone skin, not resistant to hostile enchantments, fairly stealthy
A: negative energy resistance 1, electricity resistance, unbreathing,
petrification resistance, rot immunity, AC +7
a: Renounce Religion


You were on level 9 of the Dungeon.
You worshipped Vehumet.
Vehumet was pleased with you.
You were not hungry.

You visited 2 branches of the dungeon, and saw 10 of its levels.

You collected 359 gold pieces.

Inventory:

Hand weapons
 e - a cursed +3 trident
 w - a +2 long sword of freezing
 y - a +2 short sword of freezing
 F - a +0 blowgun
 H - a +1 whip of venom
 O - a +2 short sword of flaming (weapon)
 V - a +0 shortbow
Missiles
 a - 5 stones
 g - 8 bolts of penetration
 l - 23 bolts
 m - 7 poisoned arrows
 p - 69 arrows
 s - 3 needles of confusion
 B - 5 poisoned needles
 I - 3 needles of frenzy
 M - 2 tomahawks (quivered)
 Q - 5 curare-tipped needles
 R - 4 tomahawks of returning
 W - 5 arrows of dispersal
Armour
 b - a +0 robe (worn)
 o - a +0 cloak (worn)
 S - a +0 helmet (worn)
Jewellery
 q - an amulet of resist corrosion (around neck)
 L - a ring of stealth (left hand)
Magical devices
 u - a wand of teleportation (2)
 J - a wand of draining (3)
 P - a wand of slowing (40)
 U - a wand of confusion (25)
Scrolls
 i - a scroll of acquirement {unknown}
 j - a scroll of fear {unknown}
 r - a scroll of fog {unknown}
 t - a scroll of blinking
 D - a scroll of recharging
 E - a scroll of amnesia
 G - 3 scrolls of remove curse
 K - a scroll of random uselessness {unknown}
 N - 4 scrolls of identify
 X - a scroll of teleportation {unknown}
 Y - a scroll of silence {unknown}
Potions
 h - 5 potions of lignification
 n - 2 potions of curing
 v - 4 potions of flight
 x - a potion of brilliance {unknown}
 z - 2 potions of might
 A - 2 potions of agility
Books
 c - a book of Geomancy

   Spells                             Type                      Level
   a - Sandblast                      Earth                        1
   b - Stoneskin                      Transmutation/Earth          2
   c - Passwall                       Transmutation/Earth          3
   d - Stone Arrow                    Conjuration/Earth            3
   e - Petrify                        Transmutation/Earth          4
   f - Lee's Rapid Deconstruction     Earth                        5
 k - a book of Burglary

   Spells                             Type                      Level
   a - Swiftness                      Charms/Air                   2
   b - Passwall                       Transmutation/Earth          3
   c - Passage of Golubria            Translocation                4
   d - Lee's Rapid Deconstruction     Earth                        5
   e - Invisibility                   Hexes                        6
   f - Darkness                       Hexes                        7
Miscellaneous
 C - a plain deck of changes
Comestibles
 d - 5 bread rations
 f - 4 meat rations


   Skills:
 + Level 4.5 Fighting
 + Level 3.7 Short Blades
 + Level 3.9 Dodging
 - Level 2.1 Stealth
 * Level 8.0 Spellcasting
 + Level 4.7 Conjurations
 + Level 4.4 Transmutations
 + Level 8.4 Earth Magic


You had 12 spell levels left.
You knew the following spells:

 Your Spells              Type           Power        Failure   Level  Hunger
a - Sandblast             Erth           #####.       1%          1    None
b - Stoneskin             Trmt/Erth      ####....     1%          2    None
c - Stone Arrow           Conj/Erth      ####..       1%          3    None
d - Lee's Rapid Deconstr  Erth           #####.....   12%         5    #####..
e - Swiftness             Chrm/Air       #.......     14%         2    None


Dungeon Overview and Level Annotations

Branches:
Dungeon (9/15)             Temple (1/1) D:5
   Lair: D:8-11         Orc: D:9-12

Altars:
Ashenzari
Cheibriados
Dithmenos
Elyvilon
Fedhas
Nemelex Xobeh
Okawaru
Qazlal
Ru
Sif Muna
Trog
Vehumet
Yredelemnul
Zin
The Shining One

Shops:
D:5 =

Annotations:
D:2 Sigmund
D:9 HEYYEYAAE's ghost, experienced HuBe


Innate Abilities, Weirdness & Mutations

You are resistant to torment.
Your stone body is resilient (AC +7).
You are immune to poison.
You resist negative energy.
You are resistant to electric shocks.
You can survive without breathing.
You are immune to petrification.
You are immune to rotting.


Message History

The yak is heavily wounded.
The yak gores you but does no damage.
Casting: Stone Arrow
Confirm with . or Enter, or press ? or * to list all spells.
Aiming: Sandblast
Press: ? - help, Shift-Dir - straight line, f/p - yak
Aim: a yak (heavily wounded)
The blast of sand hits the yak.
The yak is severely wounded.
The yak gores you!
* * * LOW HITPOINT WARNING * * *
Casting: Sandblast
Confirm with . or Enter, or press ? or * to list all spells.
Aiming: Sandblast
Press: ? - help, Shift-Dir - straight line, f/p - yak
Aim: a yak (severely wounded)
The blast of sand hits the yak.
The yak is severely wounded.
The yak gores you.
You die...

#.#.# #.#.# #.#.#
##.#.# ...#.#
####.# #########
#.# YY.Y...Y# #.#
#######(# #.#
#..@Y(#
#.#########.#####
#..............#
###########.##.#
#.##.# #....#
#.#### ###


You could see a yak.

Vanquished Creatures
  The ghost of Gorice the Spear-Bearer, an experienced TeWn (D:6)
  Prince Ribbit (D:7)
  4 yaks (D:9)
  A phantom (D:4)
  3 ice beasts
  3 ogres
  A sky beast (D:8)
  5 centaurs
  3 giant frogs
  An elf zombie (D:7)
  An elf skeleton (D:7)
  4 scorpions
  4 wights (D:9)
  An electric eel (D:9)
  5 hounds
  3 giant frog zombies
  11 orc priests
  A human zombie (D:7)
  A giant frog skeleton (D:5)
  3 orc wizards (D:4)
  2 human skeletons (D:7)
  4 iguanas
  Terence (D:2)
  Natasha (D:2)
  10 worker ants
  2 hound zombies (D:6)
  A worker ant zombie (D:7)
  5 gnolls
  13 adders
  A shadow imp (D:7)
  An ooze (D:3)
  5 worms
  6 giant geckos
  19 orcs
  17 hobgoblins
  18 jackals
  11 kobolds
  2 ball pythons
  23 bats
  4 giant cockroaches
  6 giant newts
  15 goblins
  A jackal skeleton (D:4)
  2 orc skeletons (D:7)
  4 orc zombies (D:7)
  7 quokkas
  12 rats
250 creatures vanquished.

Notes
Turn   | Place    | Note
--------------------------------------------------------------
     0 | D:1      | mrath the Gargoyle Earth Elementalist began the quest for the Orb.
     0 | D:1      | Reached XP level 1. HP: 10/10 MP: 3/3
   195 | D:1      | Reached skill level 4 in Earth Magic
   195 | D:1      | Reached XP level 2. HP: 15/15 MP: 3/5
   563 | D:1      | Learned a level 2 spell: Stoneskin
   735 | D:1      | Reached XP level 3. HP: 19/19 MP: 4/7
   894 | D:2      | Noticed Sigmund
  1483 | D:2      | Learned a level 3 spell: Stone Arrow
  1650 | D:2      | Reached XP level 4. HP: 16/24 MP: 8/8
  2409 | D:2      | Noticed Natasha
  2426 | D:2      | Killed Natasha
  2426 | D:2      | Reached skill level 5 in Earth Magic
  2686 | D:2      | Noticed Terence
  2711 | D:2      | Killed Terence
  2711 | D:2      | Reached XP level 5. HP: 17/28 MP: 4/10
  3001 | D:3      | Found a sparkling altar of Nemelex Xobeh.
  3130 | D:3      | Found a shattered altar of Ashenzari.
  3266 | D:3      | Reached skill level 1 in Transmutations
  4187 | D:4      | Reached XP level 6. HP: 30/32 MP: 7/12
  4626 | D:4      | Found a glowing silver altar of Zin.
  4627 | D:4      | Found a deep blue altar of Sif Muna.
  4918 | D:4      | Found a snail-covered altar of Cheibriados.
  4941 | D:3      | Reached skill level 5 in Spellcasting
  5211 | D:3      | Learned a level 5 spell: Lee's Rapid Deconstruction
  5268 | D:4      | Reached skill level 6 in Earth Magic
  5268 | D:4      | Reached XP level 7. HP: 36/36 MP: 14/14
  5507 | D:4      | Found a white marble altar of Elyvilon.
  5632 | D:4      | Found a bloodstained altar of Trog.
  6345 | D:4      | Found a blossoming altar of Fedhas.
  6419 | D:4      | Reached skill level 1 in Short Blades
  6419 | D:4      | Reached skill level 1 in Conjurations
  6419 | D:4      | Reached XP level 8. HP: 20/42 MP: 16/16
  6976 | D:5      | Entered Level 5 of the Dungeon
  7090 | D:5      | Found a staircase to the Ecumenical Temple.
  7096 | D:5      | Found Kuoret's Jewellery Boutique.
  7100 | Temple   | Entered the Ecumenical Temple
  7227 | Temple   | Became a worshipper of Vehumet
  7542 | D:5      | Reached skill level 1 in Fighting
  7582 | D:5      | HP: 3/64 [orc priest/divine providence (13)]
  7919 | D:5      | Reached skill level 7 in Earth Magic
  9209 | D:6      | Noticed Gorice's ghost (experienced TeWn)
  9265 | D:6      | HP: 2/44 [Gorice's ghost (9)]
  9268 | D:6      | Killed Gorice's ghost
  9268 | D:6      | Reached XP level 9. HP: 21/49 MP: 5/19
 10248 | D:6      | Acquired Vehumet's first power
 10248 | D:6      | Offered knowledge of Shock by Vehumet.
 11022 | D:7      | Noticed Prince Ribbit
 11031 | D:7      | Killed Prince Ribbit
 12459 | D:7      | Learned a level 2 spell: Swiftness
 12975 | D:8      | Reached skill level 8 in Earth Magic
 13703 | D:8      | Reached XP level 10. HP: 56/56 MP: 13/21
 14687 | D:9      | Offered knowledge of Sting by Vehumet.
 14966 | D:9      | Noticed HEYYEYAAE's ghost (experienced HuBe)
 15112 | D:9      | Slain by a yak

Vault maps used:
D:1:      scummos_arrival_forest
D:2:      dk_noncrumbling_3, uniq_natasha, uniq_sigmund, uniq_terence
D:3:      evilmike_ruin_ashenzari, nemelex_deck
D:4:      elyvilon_altar_1, cheibriados_altar_wand_db, lightli_temple_of_fire,
          minitemple, first_bread, nrook_mini_vaults
D:5:      temple_fountains, serial_shops, nicolae_shop_statue_plus
D:6:      roderic_serpentine_path
D:7:      nicolae_ossuary_entry_catacombs, uniq_prince_ribbit1
D:9:      erik_orc_1, basic_altar
Temple:   minmay_temple_forest_path_12

Action                   |  1- 3 |  4- 6 |  7- 9 | 10-12 || total
-------------------------+-------+-------+-------+-------++-------
Melee: Spear             |    44 |   104 |       |       ||   148
       Short sword       |       |   117 |   262 |    16 ||   395
       Whip              |       |       |    21 |       ||    21
 Fire: Blowgun           |       |    15 |   139 |    36 ||   190
       Shortbow          |       |       |     1 |    15 ||    16
Throw: Javelin           |       |    26 |    34 |     3 ||    63
       Stone             |       |       |     1 |       ||     1
       Tomahawk          |       |       |       |     5 ||     5
 Cast: Sandblast         |    47 |    14 |    69 |    31 ||   161
       Stoneskin         |     1 |     6 |    12 |     3 ||    22
       Stone Arrow       |       |       |    24 |    15 ||    39
       Swiftness         |       |       |     1 |       ||     1
  Use: Scroll            |       |     2 |     9 |     5 ||    16
       Potion            |       |       |     3 |       ||     3
 Stab: Sleeping          |       |     4 |    24 |     4 ||    32
       Distracted        |       |       |     2 |       ||     2
  Eat: Chunk             |     1 |     9 |     9 |     2 ||    21
       Bread ration      |     1 |       |     2 |       ||     3
       Royal jelly       |       |       |     1 |     1 ||     2
       Fruit             |       |       |     3 |       ||     3
       Beef jerky        |       |       |     3 |       ||     3
